 Dungeon Crawl Stone Soup version 0.19.5 (webtiles) character file.

28 pps the Charlatan (level 3, 0/18 HPs)
             Began as a Spriggan Artificer on Mar 27, 2017.
             Was an Initiate of the Shining One.
             Slain by an adder (4 damage)
             ... on level 1 of the Dungeon.
             The game lasted 00:08:23 (1496 turns).

pps the Charlatan (Spriggan Artificer)              Turns: 1496, Time: 00:08:23

Health: 0/18       AC:  2    Str:  9    XL:     3   Next: 0%
Magic:  7/7        EV: 19    Int: 12    God:    the Shining One [......]
Gold:   44         SH:  0    Dex: 16    Spells: 0 memorised, 2 levels left

rFire  . . .     SeeInvis +     a - +0 short sword
rCold  . . .     Gourm    .     b - +0 robe
rNeg   . . .     Faith    .     (shield restricted)
rPois  .         Spirit   .     (helmet restricted)
rElec  .         Reflect  .     (no cloak)
rCorr  .         Harm     .     (gloves unavailable)
MR     .....                    (boots unavailable)
Stlth  +.........               (no amulet)
                                (no ring)
                                (no ring)

@: glowing, very quick
A: unfitting armour, see invisible, herbivore 3, speed 3, slow metabolism 2
a: Renounce Religion


You were on level 1 of the Dungeon.
You worshipped the Shining One.
The Shining One was noncommittal.
You were not hungry.

You visited 1 branch of the dungeon, and saw 2 of its levels.

You collected 44 gold pieces.

Inventory:

Hand Weapons
 a - a +0 short sword (weapon)
Missiles
 g - 66 stones (quivered)
 h - 49 sling bullets
Armour
 b - a +0 robe (worn)
 n - a +1 pair of boots
Jewellery
 l - a cursed ring of loudness {unknown}
Wands
 c - a wand of flame (15/48)
 d - a wand of enslavement (12/24)
 e - a wand of random effects (15/48)
Scrolls
 j - a scroll of identify {unknown}
 k - a scroll of remove curse {unknown}
Potions
 i - a potion of brilliance {unknown}
 m - a potion of cure mutation {unknown}
 o - a potion of curing {unknown}
Comestibles
 f - 2 bread rations


   Skills:
 + Level 1.0 Fighting
 + Level 1.7 Short Blades
 + Level 3.4 Dodging
 + Level 1.5 Stealth
 + Level 4.9 Evocations


You had 2 spell levels left.
You didn't know any spells.

Dungeon Overview and Level Annotations

Branches:
Dungeon (2/15)

Altars:
The Shining One

Annotations:
D:2 Robin


Innate Abilities, Weirdness & Mutations

You are very small and have problems with some larger weapons.
You are too small for most types of armour.
You have supernaturally acute eyesight. (SInv)
You are a herbivore.
You cover ground extremely quickly.
You need consume almost no food.


Message History

Evoke which item? (* to show all) (? for menu, Esc to quit)
Zapping:
d - a wand of enslavement (13/24)
Press: ? - help, Shift-Dir - straight line, f/p - goblin
Aim: a goblin (unusually strong, chance to defeat MR: 73%)
The goblin is charmed.
This wand has 12 charges left.
The adder completely misses your goblin.
The adder bites your goblin.
The adder completely misses your goblin.
The adder bites your goblin.
Your goblin dies!
Your goblin barely misses the adder.
You closely miss the adder.
The adder is heavily wounded.
The adder misses you.
Your goblin hits the adder but does no damage.
You barely miss the adder.
The adder is heavily wounded.
The adder bites you but does no damage.
Your goblin barely misses the adder.
The adder bites you.
You die...

#.#.##.....))....##......
##%.....#...#.###.##......
#..####.#...#.##>.........
##..# #.##..#.##..........
##...# #.....#.##..........
###....# #..##.#.##.....###..
####......####..##...##.†...#
###
................##.%.##.....#
#
.......#######..@Sg.>##.....#
.......# ##########.....#
.......# #.....# .......#
#.....# .......# #.....#
.......# #.....# .......#
#.....# .....†.# #######
.....).#


You could see an adder and a friendly goblin.

Vanquished Creatures
  2 giant cockroaches (D:1)
  5 goblins
  5 hobgoblins (D:1)
  2 ball pythons (D:1)
  6 bats
  A frilled lizard (D:1)
  2 kobolds (D:1)
  4 rats (D:1)
27 creatures vanquished.

Vanquished Creatures (others)
  A goblin (D:1)
1 creature vanquished.

Grand Total: 28 creatures vanquished

Notes
Turn   | Place    | Note
-------+----------+-------------------------------------------
     0 | D:1      | pps the Spriggan Artificer began the quest for the Orb.
     0 | D:1      | Reached XP level 1. HP: 9/9 MP: 4/4
    87 | D:1      | Found a glowing golden altar of the Shining One.
   123 | D:1      | Became a worshipper of the Shining One
   260 | D:1      | Reached XP level 2. HP: 11/14 MP: 6/6
   705 | D:1      | Reached skill level 1 in Fighting
  1474 | D:2      | Noticed Robin
  1482 | D:2      | Reached XP level 3. HP: 9/18 MP: 7/7
  1496 | D:1      | Slain by an adder

Skill      XL: |  1  2 |
---------------+-------+-----
Fighting       | 1 |  1.0
Short Blades   | |  1.7
Dodging        | |  3.4
Stealth        | |  1.5
Evocations     | |  4.9

Action                   || total
-------------------------++-------
Melee: Short sword       ||   118
Evoke: Wand              ||     3
Armor: Robe              ||    18
Dodge: Dodged            ||   146
